 Dungeon Crawl Stone Soup version 0.25-a0-21-ga5a8db46c7 (webtiles) character file.

Game seed: 5713640533904616752, levelgen mode: deterministic

46 Arixos the Skirmisher (level 3, -2/29 HPs)
             Began as a Demonspawn Fighter on Oct 16, 2019.
             Killed by nerve-wracking pain
             ... invoked by Jessica
              (14 damage)
             ... on level 3 of the Dungeon.
             The game lasted 00:05:04 (2077 turns).

Arixos the Skirmisher (Demonspawn Fighter)          Turns: 2077, Time: 00:05:04

Health: -2/29      AC: 13    Str: 17    XL:     3   Next: 46%
Magic:  3/3        EV:  7    Int: 12    God:
Gold:   129        SH:  9    Dex: 12    Spells: 2/2 levels left

rFire    . . .     SeeInvis .     - Unarmed
rCold    . . .     Gourm    .   b - +0 shield
rNeg     . . .     Faith    .   a - +0 scale mail
rPois    .         Spirit   .   (no helmet)
rElec    .         Reflect  .   (no cloak)
rCorr    .         Harm     +   l - +0 pair of gloves
MR       .....                  (no boots)
Stlth    ..........             s - amulet of harm
HPRegen  0.09/turn              o - +3 ring of intelligence
MPRegen  0.08/turn              (no ring)

@: sanguine armour
A: claws 1, sanguine armour 1
a: no special abilities


You were on level 3 of the Dungeon.
You were not hungry.

You visited 1 branch of the dungeon, and saw 3 of its levels.

You collected 129 gold pieces.

Inventory:

Missiles
 h - 17 poisoned darts (quivered)
Armour
 a - a +0 scale mail (worn)
 b - a +0 shield (worn)
 l - a +0 pair of gloves (worn)
Jewellery
 o - a +3 ring of intelligence (left hand)
 s - an amulet of harm (around neck)
Scrolls
 e - a scroll of noise {unknown}
 f - a scroll of identify {unknown}
 i - 2 scrolls of blinking {unknown}
 k - 2 scrolls of remove curse {unknown}
 m - a scroll of amnesia {unknown}
 n - a scroll of magic mapping {unknown}
 q - a scroll of enchant armour {unknown}
 r - a scroll of fear {unknown}
Potions
 c - a potion of might
 g - a potion of flight {unknown}
 j - a potion of agility {unknown}
 p - 3 potions of brilliance {unknown}
Comestibles
 d - 2 rations


   Skills:
 + Level 3.3 Fighting
 + Level 3.1 Armour
 + Level 1.1 Dodging
 + Level 3.1 Shields
 + Level 1.9 Unarmed Combat


You had 2 spell levels left.
You didn't know any spells.
Your spell library was empty.

Dungeon Overview and Level Annotations

Branches:
Dungeon (3/15)

Altars:
Sif Muna

Annotations:
D:3 Jessica


Innate Abilities, Weirdness & Mutations

You have sharp fingernails.
When seriously injured, your bleeding wounds create armour. (AC +6)


Message History

You barely miss Jessica. You block Jessica's attack.
You closely miss Jessica. You block Jessica's attack.
You closely miss Jessica. Jessica completely misses you.
Jessica mumbles something strange.
Jessica barely misses you.
You closely miss Jessica. Jessica hits you but does no damage.
You hit Jessica.
Jessica is moderately wounded.
Jessica barely misses you.
You barely miss Jessica.
Jessica is moderately wounded.
Jessica barely misses you.
You hit Jessica but do no damage.
Jessica is moderately wounded.
You block Jessica's attack.
You hit Jessica but do no damage.
Jessica is moderately wounded.
Jessica gestures at you while chanting. Pain shoots through your body!
You die...

### ..# #
#.# #.#.
#.# #.#.##
#.#
#.....##@#
#.#.#.##@#
........#
##.#...$###
#........+
#.#....###
#......# #
###.#### #
#.# # #.#
#+# #


You could see Jessica.

Vanquished Creatures
  2 adders (D:2)
  3 leopard geckos (D:2)
  3 giant cockroaches
  2 goblins (D:1)
  4 hobgoblins
  2 jackals (D:3)
  3 bats
  3 kobolds
  4 rats
26 creatures vanquished.

Notes
Turn   | Place    | Note
-------+----------+-------------------------------------------
     0 | D:1      | Arixos the Demonspawn Fighter began the quest for the Orb.
     0 | D:1      | Reached XP level 1. HP: 18/18 MP: 1/1
   425 | D:1      | Gained mutation: You have sharp fingernails. [demonic
                  | ancestry]
   425 | D:1      | Reached XP level 2. HP: 24/24 MP: 2/2
  1261 | D:2      | Reached skill level 1 in Dodging
  1269 | D:2      | Gained mutation: When seriously injured, your bleeding
                  | wounds create armour. (AC +6) [demonic ancestry]
  1269 | D:2      | Reached XP level 3. HP: 28/29 MP: 3/3
  1381 | D:2      | Found a shimmering blue altar of Sif Muna.
  2055 | D:3      | Noticed Jessica
  2077 | D:3      | Killed from afar by Jessica

Levels and vault maps discovered:
D:1:      psy_arrival_spokes, layout_basic
D:2:      layout_loops_ring, lemuel_blue_sif_altar
D:3:      layout_loops_corners, tgw_xom, lemuel_crystal_altar,
          marbit_many_paths, uniq_jessica

Skill      XL: |  1  2 |
---------------+-------+-----
Armour         | 3 |  3.1
Shields        | 3 |  3.1
Dodging        | 1 |  1.1
Fighting       | |  3.3
Unarmed Combat | |  1.9

Action                   || total
-------------------------++-------
Melee: Unarmed           ||   146
       Spear             ||    15
  Eat: Chunk             ||     4
Armor: Scale mail        ||    51
Dodge: Dodged            ||    42
Block: Shield            ||    69

Table legend:
 A = Non-vault XP
 B = Vault XP
 C = Vault XP percentage of total XP
 D = Non-vault monster count
 E = Vault monster count
 F = Vault count percentage of total count
                 A         B        C        D         E       F
            +---------+---------+-------+---------+---------+-------
      Total |      67 |       0 |   0.0 |      26 |       0 |   0.0
            +---------+---------+-------+---------+---------+-------
        D:1 |      14 |       0 |   0.0 |      10 |       0 |   0.0
        D:2 |      48 |       0 |   0.0 |      13 |       0 |   0.0
        D:3 |       5 |       0 |   0.0 |       3 |       0 |   0.0
            +---------+---------+-------+---------+---------+-------
